 Dungeon Crawl Stone Soup version 0.27-a0-1434-g6f15984924 (webtiles) character file.

Game seed: 1524889682524395759

11048 pokeman the Thaumaturge (level 11, -15/61 HPs)
             Began as a Deep Elf Hedge Wizard on July 3, 2021.
             Was a Believer of Vehumet.
             Demolished by a guardian serpent (shapeshifter) (20 damage)
             ... on level 10 of the Dungeon on July 4, 2021.
             The game lasted 00:39:30 (13935 turns).

pokeman the Thaumaturge (Deep Elf Hedge Wizard)    Turns: 13935, Time: 00:39:31

Health: -15/61     AC: 11    Str:  7    XL:     11   Next: 44%
Magic:  9/31       EV: 12    Int: 23    God:    Vehumet [**....]
Gold:   734        SH:  0    Dex: 14    Spells: 21/39 levels left

rFire    . . .     SeeInvis .   o - +4 scythe (venom)
rCold    . . .     Faith    .   (shield currently unavailable)
rNeg     . . .     Spirit   .   r - +0 leather armour
rPois    .         Reflect  .   c - +0 hat
rElec    .         Harm     .   w - +0 cloak
rCorr    .         Rampage  .   B - +0 pair of gloves
Will     +....                  E - +0 pair of boots
Stlth    ++........             b - amulet of regeneration
HPRegen  1.20/turn              k - +4 ring of protection
MPRegen  0.22/turn              D - ring of wizardry

@: no status effects
A: no striking features
a: Renounce Religion


You were on level 10 of the Dungeon.
You worshipped Vehumet.
Vehumet was pleased with you.
You visited 2 branches of the dungeon, and saw 11 of its levels.

You collected 734 gold pieces.

Inventory:

Hand Weapons
 a - a +1 whip of electrocution
 o - a +4 scythe of venom (weapon)
 p - a +0 arbalest
 J - a +0 shortbow
Missiles
 I - 55 bolts
 K - 98 arrows
Armour
 c - a +0 hat (worn)
 r - a +0 leather armour (worn)
 w - a +0 cloak (worn)
 y - a +0 kite shield
 B - a +0 pair of gloves (worn)
 E - a +0 pair of boots (worn)
Magical Staves
 q - a staff of death
Jewellery
 b - an amulet of regeneration (around neck)
 i - an amulet of faith
 k - a +4 ring of protection (left hand)
 x - a ring of protection from cold
 C - an amulet of reflection
 D - a ring of wizardry (right hand)
Wands
 j - a wand of flame (12)
 M - a wand of polymorph (3)
Scrolls
 d - 2 scrolls of fear
 e - 9 scrolls of enchant armour
 f - 5 scrolls of teleportation
 g - 2 scrolls of amnesia
 h - a scroll of summoning
 l - 3 scrolls of immolation
 m - 3 scrolls of blinking
 n - 4 scrolls of magic mapping
 t - a scroll of fog {unknown}
 v - a scroll of vulnerability {unknown}
 F - a scroll of brand weapon {unknown}
 G - a scroll of enchant weapon {unknown}
Potions
 s - a potion of cancellation {unknown}
 u - 4 potions of ambrosia
 z - a potion of magic {unknown}
 H - a potion of flight {unknown}
 L - a potion of might {unknown}
 N - a potion of mutation {unknown}
 P - a potion of curing {unknown}
Miscellaneous
 O - a condenser vane (inert)


   Skills:
 - Level 4.0 Fighting
 + Level 3.7 Armour
 - Level 3.0 Dodging
 - Level 3.1 Stealth
 - Level 3.0 Shields
 * Level 14.8 Spellcasting
 + Level 9.0 Conjurations
 - Level 1.1 Summonings
 - Level 1.1 Translocations
 - Level 1.0 Transmutations
 + Level 8.2 Fire Magic
 - Level 1.0 Air Magic
 - Level 1.1 Earth Magic
 - Level 1.3 Poison Magic
 - Level 1.0 Evocations


You had 21 spell levels left.
You knew the following spells:

 Your Spells              Type           Power      Damage    Failure   Level
a - Magic Dart            Conj           100%       1d8       1%          1
b - Mephitic Cloud        Conj/Pois/Air  34%        N/A       1%          3
c - Call Imp              Summ           22%        N/A       1%          2
d - Blink                 Tloc           N/A        N/A       1%          2
e - Conjure Flame         Conj/Fire      54%        6-21      1%          3
f - Swiftness             Air            21%        N/A       4%          3
g - Passwall              Tmut/Erth      18%        N/A       1%          2
h - Wereblood             Tmut           22%        N/A       1%          2

Your spell library contained the following spells:

 Spells                   Type           Power      Damage    Failure   Level
 Searing Ray              Conj           100%       3d7       1%          2
 Corona                   Hex            18%        N/A       1%          1
 Pain                     Necr           68%        1d7       1%          1
 Static Discharge         Conj/Air       40%        N/A       1%          2
 Sticky Flame             Conj/Fire      54%        2d7       1%          4
 Corpse Rot               Necr/Air       N/A        N/A       2%          2
 Iskenderun's Mystic Bla  Conj/Tloc      40%        2d9       2%          4
 Ensorcelled Hibernation  Hex/Ice        34%        N/A       3%          2
 Slow                     Hex            17%        N/A       3%          2
 Sublimation of Blood     Necr           8%         N/A       3%          2
 Fulminant Prism          Conj/Hex       18%        3d11      3%          4
 Hailstorm                Conj/Ice       37%        3d9       3%          4
 Gell's Gravitas          Tloc           11%        N/A       4%          3
 Teleport Other           Tloc           22%        N/A       4%          3
 Ozocubu's Armour         Ice            17%        N/A       6%          3
 Tukima's Dance           Hex            17%        N/A       6%          3
 Dispel Undead            Necr           17%        3d10      21%         4
 Lee's Rapid Deconstruct  Erth           11%        3d9*      32%         5
 Agony                    Necr           17%        N/A       45%         5
 Excruciating Wounds      Necr           8%         N/A       45%         5
 Dispersal                Tloc           11%        N/A       86%         6
 Death Channel            Necr           8%         N/A       95%         6
 Invisibility             Hex            8%         N/A       95%         6
 Ozocubu's Refrigeration  Ice            8%         4d6       100%        7
 Summon Hydra             Summ           11%        N/A       100%        7


Dungeon Overview and Level Annotations

Branches:
Dungeon (10/15)            Temple (1/1) D:7            Lair (0/6) D:10
    Orc: D:9-12

Altars:
Ashenzari
Cheibriados
Dithmenos
Elyvilon
Fedhas
Gozag
Hepliaklqana
Kikubaaqudgha
Makhleb
Nemelex Xobeh
Okawaru
Qazlal
Ru
Sif Muna
Trog
Uskayaw
Vehumet
Wu Jian
Xom
Yredelemnul
Zin
The Shining One

Shops:
D:5 [:(


Message History

The wyvern is engulfed in noxious fumes.
The wyvern appears confused.
Unknown command.
The wyvern is engulfed in noxious fumes.
The harpy claws you!
* * * LOW HITPOINT WARNING * * *
The harpy closely misses you.
You see here 12 stones.
Unknown command.
The harpy screeches!
The harpy claws you but does no damage. The harpy claws you.
* * * LOW HITPOINT WARNING * * *
The basilisk is engulfed in noxious fumes.
The basilisk appears confused.
Clouds of noxious fumes condense around you!
The condenser dries out!
The harpy claws you.
* * * LOW HITPOINT WARNING * * *
The harpy barely misses you.
The wyvern is engulfed in noxious fumes. x2
The wyvern appears confused.
The basilisk is engulfed in noxious fumes.
The basilisk appears confused.
Unknown command.
Aiming: Polymorph
Press: ? - help, Shift-Dir - straight line, f/p - wyvern
Aim: a wyvern (noxious fumes, lightly wounded, confused, will become a fire bat, a swamp drake, or a steam dragon, chance to affect: 49%)
The harpy changes into a shapeshifter!
The shapeshifter changes into a guardian serpent!
The wyvern is engulfed in noxious fumes.
The basilisk is engulfed in noxious fumes.
The basilisk appears confused.
Unknown command.
The wyvern is engulfed in noxious fumes.
The wyvern appears confused.
The wyvern is engulfed in noxious fumes.
The wyvern appears confused.
Items here: $ ( )) ? [.
The basilisk is engulfed in noxious fumes.
The basilisk appears confused.
The guardian serpent hits you!!
You die...

......##.....#....#.##.#.##.##...
.............#......#.....#..#...
................#..##.#.#.##.#...
##.......###....#..#...?...#..###
##.#.....##.....#.##.##.##.##.###
##.......##.###...#..##§##..#...#
.#.......##.#...###...l§....###).
#.....#####...###S.§l○#.#.....###
##...####...###.@##§§§#.#.(:....#
......#...###..####.§§#.#'..#.#.#
##......###..### ####'.'###.#.#.
##....##'..### .8.........
.#......###..# #'.'###.#.#.
##........###..# '#.#'. #.
#...........###..# .| #
#.....##......###. . ###
..).....##......### ###..


You could see a guardian serpent shaped shifter, a basilisk (confused) and a
wyvern (confused).

Vanquished Creatures
  A centaur warrior (D:10)
  A two-headed ogre (D:8)
  A wizard (D:10)
  An ugly thing (D:10)
  A manticore (D:10)
  A gargoyle (D:10)
  A yaktaur (D:10)
  A freezing wraith (D:10)
  A troll (D:10)
  A meliai (D:10)
  A slime creature (D:10)
  Sigmund (D:3)
  3 wraiths (D:10)
  3 wyverns (D:10)
  A shadow (D:10)
  A yak (D:5)
  A vampire (D:10)
  A basilisk (D:10)
  2 steam dragons (D:10)
  Edmund (D:6)
  The ghost of bande the Shield-Bearer, an amateur GrFi (D:6)
  Duvessa (D:6)
  3 orc warriors
  A black bear (D:10)
  2 ogres (D:5)
  5 centaurs
  A gnoll sergeant (D:5)
  2 scorpions (D:4)
  Dowan (D:6)
  14 killer bees
  19 wights
  6 howler monkeys
  5 centaur zombies
  4 orc priests
  A bullfrog zombie (D:6)
  A jelly (D:5)
  A gnoll shaman (D:5)
  A bullfrog skeleton (D:5)
  3 hounds
  2 centaur skeletons
  4 iguanas
  Ijyb (D:3)
  Terence (D:3)
  5 orc wizards
  A hound zombie (D:5)
  3 howler monkey zombies
  23 gnolls
  A howler monkey skeleton (D:4)
  10 adders
  A shadow imp (D:8)
  A white imp (D:8)
  4 worms
  2 adder skeletons (D:4)
  A dart slug (D:3)
  35 orcs
  8 ball pythons
  7 endoplasms
  3 giant cockroaches
  5 goblins
  4 hobgoblins
  20 jackals
  4 quokkas
  5 bats
  2 frilled lizards (D:1)
  6 kobolds
  6 rats
262 creatures vanquished.

Vanquished Creatures (collateral kills)
  An elephant (D:10)
  An orc warrior (D:9)
  A killer bee (D:10)
  A wight (D:10)
  2 gnolls (D:3)
  An orc (D:8)
  A ball python (D:3)
8 creatures vanquished.

Vanquished Creatures (others)
  A killer bee (D:8)
  2 fungi
  47 plants (D:4)
  A withered plant (D:3)
51 creatures vanquished.

Grand Total: 321 creatures vanquished

Notes
Turn   | Place    | Note
-------+----------+-------------------------------------------
     0 | D:1      | pokeman the Deep Elf Hedge Wizard began the quest for the
                  | Orb.
     0 | D:1      | Reached XP level 1. HP: 10/10 MP: 7/7
   152 | D:1      | Reached XP level 2. HP: 15/15 MP: 0/9
   552 | D:1      | Found a faded altar of an unknown god.
  1292 | D:2      | Reached skill level 5 in Spellcasting
  1359 | D:2      | Reached XP level 3. HP: 17/20 MP: 2/11
  1365 | D:2      | Learned a level 3 spell: Mephitic Cloud
  1372 | D:2      | Reached skill level 1 in Armour
  1376 | D:2      | HP: 1/30 [poisoned by an adder]
  1693 | D:2      | Reached skill level 1 in Fighting
  1696 | D:2      | Learned a level 2 spell: Call Imp
  1699 | D:2      | Learned a level 2 spell: Blink
  1703 | D:2      | Learned a level 3 spell: Conjure Flame
  1997 | D:2      | Got the Disquisition on the Snowflakes
  2031 | D:2      | Reached XP level 4. HP: 25/25 MP: 4/13
  2351 | D:2      | Found a shimmering blue altar of Sif Muna.
  2983 | D:3      | Found an ancient bone altar of Kikubaaqudgha.
  3155 | D:3      | Noticed Sigmund
  3188 | D:3      | Reached skill level 1 in Air Magic
  3196 | D:3      | Killed Sigmund
  3197 | D:3      | Reached skill level 6 in Spellcasting
  3197 | D:3      | Reached skill level 1 in Fire Magic
  3197 | D:3      | Reached XP level 5. HP: 22/29 MP: 1/16
  3404 | D:3      | Reached XP level 6. HP: 34/34 MP: 13/17
  3448 | D:3      | Learned a level 3 spell: Swiftness
  3451 | D:3      | Learned a level 2 spell: Passwall
  3582 | D:3      | Noticed Ijyb
  3881 | D:3      | Killed Ijyb
  4037 | D:3      | Noticed Terence
  4053 | D:3      | Killed Terence
  4356 | D:4      | Reached skill level 7 in Spellcasting
  4356 | D:4      | Reached skill level 1 in Poison Magic
  4437 | D:4      | Reached XP level 7. HP: 24/38 MP: 4/20
  4605 | D:4      | Reached skill level 1 in Evocations
  4743 | D:4      | Reached skill level 1 in Earth Magic
  4825 | D:4      | Identified the +3 robe of Xuufun {Int+4}
  4955 | D:4      | Reached skill level 1 in Transmutations
  5562 | D:5      | Entered Level 5 of the Dungeon
  5639 | D:5      | Reached skill level 8 in Spellcasting
  5673 | D:5      | Found a shimmering blue altar of Sif Muna.
  5695 | D:5      | Got Sif Muna's Almanac of Unholy Arts
  6044 | D:5      | Reached XP level 8. HP: 44/44 MP: 15/22
  6328 | D:5      | Reached skill level 9 in Spellcasting
  6528 | D:5      | Found Maejuss's Book Emporium.
  6569 | D:5      | Found Uvexuolaf's Weapon Emporium.
  6571 | D:5      | Found Enoergh's Armour Shop.
  7078 | D:5      | Reached skill level 5 in Conjurations
  7217 | D:5      | Reached skill level 10 in Spellcasting
  7511 | D:6      | Noticed Dowan
  7512 | D:6      | Noticed Duvessa
  7517 | D:6      | Killed Dowan
  7518 | D:6      | Reached skill level 1 in Shields
  7520 | D:6      | Killed Duvessa
  7933 | D:6      | Reached XP level 9. HP: 48/48 MP: 22/25
  8505 | D:6      | Noticed Edmund
  8552 | D:6      | Killed Edmund
  8810 | D:6      | Found a runed translucent door.
  8810 | D:6      | Noticed bande's ghost (amateur GrFi)
  9166 | D:6      | Killed bande's ghost
  9167 | D:6      | Reached skill level 11 in Spellcasting
  9451 | D:7      | Found a staircase to the Ecumenical Temple.
  9458 | Temple   | Entered the Ecumenical Temple
  9668 | Temple   | Became a worshipper of Vehumet
  9739 | D:7      | Reached skill level 5 in Fire Magic
  9968 | D:7      | Found a basalt altar of Yredelemnul.
 11109 | D:8      | Learned a level 2 spell: Wereblood
 11289 | D:8      | Noticed a two-headed ogre
 11306 | D:8      | Killed a two-headed ogre
 11307 | D:8      | Reached skill level 12 in Spellcasting
 11378 | D:8      | Found a shadowy altar of Dithmenos.
 11594 | D:9      | Reached XP level 10. HP: 46/51 MP: 21/28
 12026 | D:9      | Found a broken altar of Ashenzari.
 12303 | D:10     | Entered Level 10 of the Dungeon
 12350 | D:10     | Found a staircase to the Lair.
 12350 | D:10     | Noticed an elephant
 12360 | D:10     | Killed an elephant
 12476 | D:10     | Reached skill level 13 in Spellcasting
 12482 | D:10     | Noticed a red ugly thing
 12702 | D:10     | Reached * piety under Vehumet
 12702 | D:10     | Offered knowledge of Sandblast by Vehumet.
 13041 | D:10     | Killed a red ugly thing
 13176 | D:10     | Noticed a gargoyle
 13205 | D:10     | Killed a gargoyle
 13206 | D:10     | Reached skill level 14 in Spellcasting
 13206 | D:10     | Reached XP level 11. HP: 58/60 MP: 29/31
 13333 | D:10     | Found an iron altar of Okawaru.
 13829 | D:10     | Found a glowing golden altar of the Shining One.
 13829 | D:10     | Found a glowing silver altar of Zin.
 13830 | D:10     | Found a white marble altar of Elyvilon.
 13884 | D:10     | Noticed a wizard
 13885 | D:10     | Noticed a centaur warrior
 13893 | D:10     | Killed a wizard
 13893 | D:10     | Offered knowledge of Searing Ray by Vehumet.
 13895 | D:10     | Reached ** piety under Vehumet
 13903 | D:10     | Killed a centaur warrior
 13923 | D:10     | Noticed a harpy
 13932 | D:10     | HP: 2/61 [harpy (shapeshifter) (5)]
 13933 | D:10     | a harpy changed into a shapeshifter
 13935 | D:10     | Demolished by a guardian serpent (shapeshifter)

Illustrated notes

Levels and vault maps discovered:
D:1:      mrwooster_arrival_statue_3, layout_basic,
          chequers_ecumenical_altar_simple, minmay_tromino_v4_a
D:2:      layout_basic, basic_altar, grunt_ministairs_6
D:3:      layout_basic, kiku_gazebo_garden_becter,
          chequers_serial_rivers_small_3, uniq_ijyb, uniq_sigmund, uniq_terence
D:4:      kennysheep_big_flooded_room, layout_loops_corners, minivault_19,
          minmay_misc_feat_doors, grunt_decor_cap, kennysheep_boxes
D:5:      lemuel_castle_with_subvaults [lemuel_castle_interior_original],
          layout_rooms, led_sif_book, serial_shops, nicolae_shop_behind_doors,
          nicolae_shop_stone, nicolae_shop_statue_plus
D:6:      layout_layer_cave, gammafunk_ghost_grave, uniq_edmund, uniq_duvessa
D:7:      layout_loops_corners, lemuel_crystal_altar,
          minmay_temple_entry_gardened_gates, kennysheep_generic_room_6
D:8:      layout_loops_ring, kennysheep_mini_moat
D:9:      layout_basic, evilmike_ruin_ashenzari, hex_intersection, hex_medium,
          chequers_arboretum
D:10:     minmay_the_grid_four_pointed_star_mashed
          [minmay_the_grid_triangle_9x9_zippers_vertical,
          minmay_the_grid_triangle_9x9_descending_squares,
          minmay_the_grid_triangle_9x9_thin_v,
          minmay_the_grid_triangle_9x9_pentomino_pain,
          minmay_the_grid_prize_four_corners], layout_basic, good_gods_temple_1,
          david_lair_generic, minmay_ruined_shrine
Temple:   dpeg_chambers_temple

Skill      XL: |  1  2  3  4  5  6  7  8  9 10 11 |
---------------+----------------------------------+-----
Spellcasting   | 5 6 7 8 10 12 14 | 14.8
Armour         | 1 2 3 |  3.7
Fighting       | 1 2 3 4 |  4.0
Conjurations   | 2 3 4 5 7 8 9 |  9.0
Air Magic      | 1 |  1.0
Dodging        | 3 |  3.0
Stealth        | 3 |  3.1
Fire Magic     | 1 2 4 6 7 8 |  8.2
Poison Magic   | 1 |  1.3
Evocations     | 1 |  1.0
Earth Magic    | 1 |  1.1
Transmutations | 1 |  1.0
Shields        | 1 3 |  3.0
Summonings     | |  1.1
Translocations | |  1.1

Action                   |  1- 3 |  4- 6 |  7- 9 | 10-12 || total
-------------------------+-------+-------+-------+-------++-------
Melee: Whip              |     7 |    11 |       |       ||    18
       Scythe            |       |    31 |   162 |   169 ||   362
 Cast: Magic Dart        |    72 |    56 |   282 |    57 ||   467
       Mephitic Cloud    |       |    14 |    20 |    30 ||    64
       Call Imp          |       |     4 |    12 |    17 ||    33
       Conjure Flame     |       |     4 |    31 |    40 ||    75
       Blink             |       |       |     2 |     8 ||    10
       Wereblood         |       |       |       |     1 ||     1
Evoke: Wand              |       |       |       |    21 ||    21
       Condenser vane    |       |       |       |     1 ||     1
  Use: Potion            |     2 |       |       |       ||     2
       Scroll            |       |       |       |    10 ||    10
 Stab: Confused          |       |     4 |    10 |    11 ||    25
       Distracted        |       |       |     1 |       ||     1
Armor: Robe              |     7 |    14 |     3 |       ||    24
       Leather armour    |       |       |    54 |    71 ||   125
Dodge: Dodged            |    13 |    29 |    78 |    92 ||   212

Table legend: (Time is in decaauts)
 A = Elapsed time spent in this place.
 B = Non-inter-level travel time spent in this place.
 C = Inter-level travel time spent in this place.
 D = Time resting spent in this place.
 E = Time spent auto-exploring this place.
 F = Levels seen in this place.
 G = Mean time per level.
                   A        B        C        D        E       F      G
               +--------+--------+--------+--------+--------+-----+--------+
         Total |  14314 |  13900 |    414 |    861 |  10478 |  11 | 1301.3 |
       Dungeon |  14082 |  13688 |    394 |    861 |  10272 |  10 | 1408.2 |
        Temple |    231 |    211 |     20 |      0 |    206 |   1 |  231.0 |
               +--------+--------+--------+--------+--------+-----+--------+

Top non-repeatable levels by time:
     D:6: 1962 daAuts
     D:2: 1952 daAuts
     D:5: 1863 daAuts
    D:10: 1750 daAuts
     D:4: 1294 daAuts
     D:1: 1278 daAuts
     D:8: 1133 daAuts
     D:3: 1092 daAuts
     D:7: 942 daAuts
     D:9: 813 daAuts
  Temple: 231 daAuts
